 Dungeon Crawl Stone Soup version 0.20.0-8-g6b59dc7 (webtiles) character file.

896 poirepourri the Digger (level 8, -2/41 HPs)
             Began as a Gargoyle Earth Elementalist on May 30, 2017.
             Was an Initiate of Vehumet.
             Killed by Freeze
             ... invoked by Dominolapin's ghost
              (12 damage)
             ... on level 6 of the Dungeon.
             The game lasted 00:10:15 (6908 turns).

poirepourri the Digger (GrEE)                       Turns: 6908, Time: 00:10:15

Health: -2/41      AC: 12    Str: 12    XL:     8   Next: 7%
Magic:  13/16      EV: 18    Int: 18    God:    Vehumet [......]
Gold:   279        SH:  0    Dex: 18    Spells: 2/18 levels left

rFire    . . .     SeeInvis .   a - +0 mace
rCold    . . .     Gourm    .   (no shield)
rNeg     + . .     Faith    .   c - +1 robe
rPois    ∞         Spirit   .   (no helmet)
rElec    +         Reflect  .   o - +0 cloak
rCorr    .         Harm     .   m - +2 pair of gloves
MR       .....                  (no boots)
Stlth    ++++......             u - amulet of regeneration
Regen    0.6/turn               h - +3 ring of dexterity
MPRegen  0.2/turn               t - ring of stealth

@: agile
A: negative energy resistance 1, electricity resistance, unbreathing,
petrification resistance, rot immunity, AC +5
a: Renounce Religion


You were on level 6 of the Dungeon.
You worshipped Vehumet.
Vehumet was noncommittal.
You were not hungry.

You visited 2 branches of the dungeon, and saw 7 of its levels.

You collected 279 gold pieces.

Inventory:

Hand Weapons
 a - a +0 mace (weapon)
Missiles
 b - 22 stones (quivered)
Armour
 c - a +1 robe (worn)
 m - a +2 pair of gloves (worn)
 o - a +0 cloak (worn)
Jewellery
 h - a +3 ring of dexterity (left hand)
 t - a ring of stealth (right hand)
 u - an amulet of regeneration (around neck)
Wands
 f - a wand of lightning (4/15)
Scrolls
 l - 3 scrolls of teleportation
 q - a scroll of fear
 r - a scroll of remove curse
 x - a scroll of recharging {unknown}
 y - a scroll of enchant armour
 z - a scroll of blinking
 A - a scroll of identify
Potions
 j - 5 potions of heal wounds
 k - a potion of might
 n - a potion of berserk rage {unknown}
 p - 2 potions of magic
 s - a potion of haste {unknown}
 v - a potion of resistance {unknown}
Books
 e - a book of Geomancy

   Spells                             Type                      Level
   a - Sandblast                      Earth                        1
   b - Passwall                       Transmutation/Earth          2
   c - Stone Arrow                    Conjuration/Earth            3
   d - Petrify                        Transmutation/Earth          4
   e - Lee's Rapid Deconstruction     Earth                        5
 i - a book of Minor Magic

   Spells                             Type                      Level
   a - Magic Dart                     Conjuration                  1
   b - Blink                          Translocation                2
   c - Call Imp                       Summoning                    2
   d - Slow                           Hexes                        2
   e - Conjure Flame                  Conjuration/Fire             3
   f - Mephitic Cloud                 Conjuration/Poison/Air       3
Comestibles
 d - 4 bread rations
 w - 2 fruits


   Skills:
 + Level 0.2 Fighting
 - Level 0.4 Maces & Flails
 + Level 2.4 Dodging
 - Level 2.1 Stealth
 + Level 5.8 Spellcasting
 + Level 2.9 Conjurations
 + Level 0.7 Transmutations
 + Level 7.2 Earth Magic


You had 2 spell levels left.
You knew the following spells:

 Your Spells              Type           Power        Failure   Level  Hunger
a - Sandblast             Erth           ####..       1%          1    None
b - Passwall              Tmut/Erth      ###.......   3%          2    None
c - Stone Arrow           Conj/Erth      ###...       4%          3    ##.....
d - Petrify               Tmut/Erth      ###.....     24%         4    ####...
e - Lee's Rapid Deconstr  Erth           ####......   17%         5    #####..
f - Magic Dart            Conj           ###.         3%          1    None


Dungeon Overview and Level Annotations

Branches:
Dungeon (6/15)             Temple (1/1) D:4

Altars:
Ashenzari
Cheibriados
Dithmenos
Elyvilon
Fedhas
Gozag
Hepliaklqana
Kikubaaqudgha
Makhleb
Nemelex Xobeh
Okawaru
Qazlal
Ru
Sif Muna
Trog
Uskayaw
Vehumet
Xom
Yredelemnul
Zin
The Shining One

Annotations:
D:6 Dominolapin's ghost, novice BaIE


Innate Abilities, Weirdness & Mutations

You are resistant to torment.
Your stone body is resilient. (AC +5)
You are immune to poison.
You resist negative energy. (rN+)
You are resistant to electric shocks. (rElec)
You can survive without breathing.
You are immune to petrification.
You are immune to rotting.


Message History

Confirm with . or Enter, or press ? or * to list all spells.
Aiming: Sandblast
Press: ? - help, Shift-Dir - straight line, f/p - Dominolapin's ghost
Aim: Dominolapin's ghost (lightly damaged)
The blast of sand hits Dominolapin's ghost.
Dominolapin's ghost is lightly damaged.
b - 23 stones Dominolapin's ghost casts a spell at you.
You are frozen.
* * * LOW HITPOINT WARNING * * *
Casting: Sandblast
Confirm with . or Enter, or press ? or * to list all spells.
Aiming: Sandblast
Press: ? - help, Shift-Dir - straight line, f/p - Dominolapin's ghost
Aim: Dominolapin's ghost (lightly damaged)
The blast of sand misses Dominolapin's ghost.
b - 22 stones Dominolapin's ghost points at you and mumbles some strange words.
You are frozen.
You die...

#......#.#..............
....#.#.#.....#.#####
.$.#.#.#.....#....(.
#..................(
#...................
#...................
#........#.##.#.....
#...................
#..@.....#.##.......
#..W.....#.##......# ##.
#..#.###.#.##.......
.....#..#.###.#..........
..............#..........
#....###..###.#..........
#.... #..# #.#..........
#... #..# #...##.......
#... #..# ######.......


You could see Dominolapin's ghost.

Vanquished Creatures
  An ice beast (D:6)
  A centaur (D:6)
  A scorpion (D:4)
  3 orc priests
  5 hounds
  An iguana (D:5)
  4 orc wizards
  3 worker ants
  5 adders
  5 gnolls
  A shadow imp (D:5)
  2 oozes
  An adder skeleton (D:4)
  4 worms
  A dart slug (D:2)
  3 leopard geckos
  17 orcs
  3 ball pythons
  7 bats
  4 giant cockroaches
  9 hobgoblins
  5 jackals
  6 quokkas
  6 frilled lizards
  10 goblins
  9 kobolds
  3 rats
120 creatures vanquished.

Notes
Turn   | Place    | Note
-------+----------+-------------------------------------------
     0 | D:1      | poirepourri the Gargoyle Earth Elementalist began the quest for the Orb.
     0 | D:1      | Reached XP level 1. HP: 10/10 MP: 3/3
   161 | D:1      | Reached XP level 2. HP: 5/15 MP: 0/5
   177 | D:1      | Reached skill level 4 in Earth Magic
   806 | D:1      | Reached XP level 3. HP: 19/19 MP: 4/6
   810 | D:1      | Learned a level 2 spell: Passwall
   814 | D:1      | Learned a level 3 spell: Stone Arrow
  1754 | D:2      | Reached XP level 4. HP: 24/24 MP: 6/8
  1833 | D:2      | Reached skill level 5 in Earth Magic
  2065 | D:2      | Found a burning altar of Makhleb.
  2282 | D:3      | Reached XP level 5. HP: 28/28 MP: 0/10
  2874 | D:4      | Learned a level 4 spell: Petrify
  2952 | D:4      | Found a staircase to the Ecumenical Temple.
  3216 | Temple   | Entered the Ecumenical Temple
  3680 | D:4      | Reached XP level 6. HP: 19/32 MP: 2/12
  3818 | D:4      | Reached skill level 6 in Earth Magic
  4208 | D:4      | Reached skill level 5 in Spellcasting
  4401 | D:5      | Entered Level 5 of the Dungeon
  4568 | D:5      | Reached XP level 7. HP: 36/36 MP: 4/14
  4575 | D:5      | Reached skill level 1 in Conjurations
  5553 | D:5      | Learned a level 5 spell: Lee's Rapid Deconstruction
  5555 | D:5      | Learned a level 1 spell: Magic Dart
  5963 | Temple   | Became a worshipper of Vehumet
  6384 | D:6      | Reached skill level 7 in Earth Magic
  6458 | D:6      | Reached XP level 8. HP: 29/41 MP: 0/16
  6649 | D:6      | Found a white marble altar of Elyvilon.
  6684 | D:6      | Noticed Dominolapin's ghost (novice BaIE)
  6908 | D:6      | Killed from afar by Dominolapin's ghost

Skill      XL: |  1  2  3  4  5  6  7 |
---------------+----------------------+-----
Earth Magic    | 4 5 6 7 |  7.2
Spellcasting   | 3 4 5 |  5.8
Conjurations   | 2 |  2.9
Dodging        | 2 |  2.4
Fighting       | |  0.2
Maces & Flails | |  0.4
Stealth        | |  2.1
Transmutations | |  0.7

Action                   |  1- 3 |  4- 6 |  7- 9 || total
-------------------------+-------+-------+-------++-------
Melee: Unarmed           |     6 |       |       ||     6
       Mace              |       |     6 |    35 ||    41
 Cast: Sandblast         |    57 |    72 |    26 ||   155
       Stone Arrow       |     1 |    17 |    33 ||    51
  Use: Scroll            |     5 |     5 |     8 ||    18
       Potion            |       |     1 |     1 ||     2
  Eat: Chunk             |     2 |       |       ||     2
       Meat ration       |     1 |     1 |       ||     2
       Fruit             |     1 |       |       ||     1
       Bread ration      |       |     1 |     1 ||     2
Armor: Robe              |    20 |    16 |    48 ||    84
Dodge: Dodged            |    54 |    21 |    34 ||   109
